 Dungeon Crawl Stone Soup version 0.19.4 (webtiles) character file.

101 JeffiDaFish the Stinger (level 4, -4/31 HPs)
             Began as a Demonspawn Venom Mage on Feb 3, 2017.
             Killed by nerve-wracking pain
             ... invoked by an orc priest
              (5 damage)
             ... on level 3 of the Dungeon.
             The game lasted 00:10:40 (2672 turns).

JeffiDaFish the Stinger (Demonspawn Venom Mage)     Turns: 2672, Time: 00:10:41

Health: -4/31      AC:  4    Str:  8 (9)  XL:     4   Next: 48%
Magic:  5/7        EV: 12    Int: 13 (16) God:
Gold:   121        SH:  0    Dex: 13 (14) Spells: 2 memorised, 3 levels left

rFire  + + .     SeeInvis .     e - +0 spear
rCold  . . .     Gourm    .     j - +0 leather armour
rNeg   . . .     Faith    .     (no shield)
rPois  .         Spirit   .     (no helmet)
rElec  .         Reflect  .     (no cloak)
rCorr  .         Harm     .     d - +0 pair of gloves
MR     .....                    (no boots)
Stlth  +++.......               (no amulet)
                                (no ring)
                                a - ring of protection from fire

@: very slightly contaminated, invisible
A: claws 1, fire resistance 1, nightstalker 1
a: no special abilities


You were on level 3 of the Dungeon.
You were not hungry.

You visited 1 branch of the dungeon, and saw 3 of its levels.

You collected 121 gold pieces.

Inventory:

Hand Weapons
 e - a +0 spear (weapon)
Armour
 d - a +0 pair of gloves (worn)
 j - a +0 leather armour (worn)
Jewellery
 a - a ring of protection from fire (left hand)
Scrolls
 i - a scroll of identify
 k - a scroll of blinking {unknown}
 m - a scroll of remove curse
Potions
 h - a potion of curing
 l - a potion of cancellation
Books
 b - a Young Poisoner's Handbook

   Spells                             Type                      Level
   a - Sting                          Conjuration/Poison           1
   b - Mephitic Cloud                 Conjuration/Poison/Air       3
   c - Olgreb's Toxic Radiance        Poison                       4
   d - Alistair's Intoxication        Transmutation/Poison         5
   e - Venom Bolt                     Conjuration/Poison           5
Comestibles
 c - 3 bread rations
 f - a meat ration
 g - 2 chunks of flesh


   Skills:
 + Level 0.6 Fighting
 + Level 1.0 Polearms
 + Level 2.1 Dodging
 + Level 1.8 Stealth
 - Level 0.1 Unarmed Combat
 * Level 2.2 Spellcasting
 * Level 1.2 Conjurations
 * Level 0.6 Air Magic
 * Level 4.9 Poison Magic


You had 3 spell levels left.
You knew the following spells:

 Your Spells              Type           Power        Failure   Level  Hunger
a - Sting                 Conj/Pois      #...         12%         1    ##.....
b - Mephitic Cloud        Conj/Pois/Air  #.......     50%         3    ####...


Dungeon Overview and Level Annotations

Branches:
Dungeon (3/15)

Altars:
Fedhas
Okawaru
Ru
Trog
Vehumet
Yredelemnul
Zin


Innate Abilities, Weirdness & Mutations

You have sharp fingernails.
Your flesh is heat resistant. (rF+)
You are slightly more attuned to the shadows.


Message History

A goblin comes into view. It is wielding a dagger.
The goblin hits you but does no damage.
You hit the goblin.
The goblin is heavily wounded.
The goblin hits you but does no damage.
You closely miss the goblin.
The goblin is heavily wounded.
The goblin hits you but does no damage.
The orc priest shouts!
You hit the goblin.
You kill the goblin!
You feel your dexterity returning. The orc priest closely misses you.
The orc priest invokes the aid of Beogh against something.
Pain shoots through your body!
* * * LOW HITPOINT WARNING * * *
You see here a dagger.
The orc priest invokes the aid of Beogh against you.
Pain shoots through your body!
You die...

..._oo.....#.<.....# #
#...#)#.###.......#
#.##.##.#o# #.......#
......#.# ##.######
#.####.####.####.....####
#........o..#.....>......
#####.######............
#.#####....≈.≈######
#.o@)........≈#.. ..
#######.......#.####
#.......#.#...
#######.#.#.## ###.#≈#.##
#...≈≈..## #.#.###.##
#.#≈# #.## #.#≈# ).##


You could see an orc priest.

Vanquished Creatures
  5 adders
  An ooze (D:2)
  3 dart slugs (D:1)
  A worm (D:2)
  A leopard gecko (D:1)
  4 orcs (D:3)
  A ball python (D:3)
  6 goblins
  5 hobgoblins
  8 kobolds
  4 bats (D:2)
  2 frilled lizards (D:1)
  4 rats
  A plant (D:1)
46 creatures vanquished.

Vanquished Creatures (others)
  5 toadstools (D:1)
5 creatures vanquished.

Grand Total: 51 creatures vanquished

Notes
Turn   | Place    | Note
-------+----------+-------------------------------------------
     0 | D:1      | JeffiDaFish the Demonspawn Venom Mage began the quest for the Orb.
     0 | D:1      | Reached XP level 1. HP: 13/13 MP: 3/3
   394 | D:1      | Gained mutation: Your flesh is heat resistant. (rF+) [demonic ancestry]
   394 | D:1      | Reached XP level 2. HP: 2/19 MP: 0/5
  1241 | D:2      | Gained mutation: You are slightly more attuned to the shadows. [demonic ancestry]
  1241 | D:2      | Reached XP level 3. HP: 23/24 MP: 1/6
  1281 | D:2      | Found a bloodstained altar of Trog.
  1281 | D:2      | Found a radiant altar of Vehumet.
  1295 | D:2      | Found an iron altar of Okawaru.
  1307 | D:2      | Found a basalt altar of Yredelemnul.
  1311 | D:2      | Found a glowing silver altar of Zin.
  1771 | D:1      | Learned a level 3 spell: Mephitic Cloud
  1787 | D:2      | Reached skill level 1 in Polearms
  1787 | D:2      | Gained mutation: You have sharp fingernails. [demonic ancestry]
  1787 | D:2      | Reached XP level 4. HP: 7/31 MP: 0/7
  1961 | D:2      | Reached skill level 1 in Conjurations
  2409 | D:3      | Found a faded altar of an unknown god.
  2488 | D:3      | Found a blossoming altar of Fedhas.
  2636 | D:3      | Found a sacrificial altar of Ru.
  2671 | D:3      | HP: 1/31 [orc priest/nerve-wracking pain (3)]
  2672 | D:3      | Killed from afar by an orc priest

Skill      XL: |  1  2  3  4 |
---------------+-------------+-----
Dodging        | 2 |  2.1
Polearms       | 1 |  1.0
Conjurations   | 1 |  1.2
Fighting       | |  0.6
Stealth        | |  1.8
Unarmed Combat | |  0.1
Spellcasting   | |  2.2
Air Magic      | |  0.6
Poison Magic   | |  4.9

Action                   |  1- 3 |  4- 6 || total
-------------------------+-------+-------++-------
Melee: Unarmed           |   103 |       ||   103
       Club              |    54 |       ||    54
       Spear             |    80 |    43 ||   123
 Cast: Sting             |    55 |    11 ||    66
       Mephitic Cloud    |       |     2 ||     2
  Use: Potion            |     8 |     1 ||     9
       Scroll            |     6 |       ||     6
 Stab: Sleeping          |     1 |     1 ||     2
       Confused          |       |     2 ||     2
  Eat: Chunk             |     5 |     3 ||     8
Armor: Robe              |     3 |       ||     3
       Leather armour    |    25 |     3 ||    28
Dodge: Dodged            |    72 |    16 ||    88
